 Dungeon Crawl Stone Soup version 0.31-a0-981-geadf994542 (webtiles) character file.

Game seed: 3383368642619513113

95 Whiskey the Changeling (level 4, -3/43 HPs)
             Began as an Octopode Shapeshifter on Nov 2, 2023.
             Succumbed to a kobold's poison
             ... on level 3 of the Dungeon.
             The game lasted 00:05:13 (1856 turns).

Whiskey the Changeling (Octopode Shapeshifter)      Turns: 1856, Time: 00:05:14

Health: -3/43      AC: 22    Str: 13    XL:     4   Next: 66%
Magic:  0/4        EV:  2    Int: 17    God:
Gold:   157        SH:  0    Dex: 11    Spells: 3/3 levels left

rFire   + + .        i - +7 short sword of the Maze {freeze, rF+ Int+3}
rCold   + . .        (no shield)
rNeg    . . .        (helmet currently unavailable)
rPois   +            h - amulet of guardian spirit {Spirit}
rElec   +            (no ring)
rCorr   +            (no ring)
SInv    .            (no ring)
Will    .....        (no ring)
Stlth   ++           (no ring)
HPRegen 0.27/turn    (no ring)
MPRegen 0.09/turn    (no ring)
                     (no ring)

%: guardian spirit
@: lethally poisoned (-3 -> -20), tree-form, resistant
A: stationary, stasis, torment immunity, boosted hp, almost no armour,
(amphibious), 8 rings, (camouflage 1), (gelatinous body 1), (nimble swimmer 1),
(tentacles)
a: no special abilities


You were on level 3 of the Dungeon.
You were a tree.
You visited 1 branch of the dungeon, and saw 3 of its levels.

You collected 157 gold pieces.

Inventory:

Hand Weapons
 i - the +7 short sword of the Maze (weapon) {freeze, rF+ Int+3}
   (You found it on level 2 of the Dungeon)

   Int+3:     It affects your intelligence (+3).
   rF+:       It protects you from fire.
Jewellery
 h - an amulet of guardian spirit (around neck) {Spirit}
   (You found it on level 2 of the Dungeon)
Talismans
 b - a beast talisman
 c - a flux talisman
Scrolls
 d - 2 scrolls of blinking {unknown}
 f - 2 scrolls of identify {unknown}
 k - a scroll of poison {unknown}
 o - a scroll of vulnerability {unknown}
 p - a scroll of amnesia {unknown}
Potions
 e - a potion of brilliance {unknown}
 g - a potion of resistance
 j - a potion of enlightenment {unknown}
 l - a potion of curing {unknown}
 m - a potion of magic {unknown}
 n - a potion of attraction {unknown}


   Skills:
 + Level 2.0 Fighting
 - Level 2.0 Dodging
 + Level 1.2 Stealth
 - Level 3.8 Unarmed Combat
 * Level 3.9 Shapeshifting


You had 3 spell levels left.
You didn't know any spells.
Your spell library contained the following spells:

 Spells                   Type           Power      Damage    Failure   Level
 Foxfire                  Conj/Fire      0%         2x1d4     24%         1
 Inner Flame              Hex/Fire       0%         N/A       56%         3
 Yara's Violent Unravell  Hex/Tmut       0%         3d3       100%        5
 Plasma Beam              Fire/Air       0%         2x1d10    100%        6
 Starburst                Conj/Fire      0%         6d3       100%        6
 Enfeeble                 Hex            0%         N/A       100%        7
 Malign Gateway           Summ/Tloc      0%         N/A       100%        7
 Summon Horrible Things   Summ           0%         N/A       100%        8


Dungeon Overview and Level Annotations

Branches:
Dungeon (3/15)

Altars:
Trog

Shops:
D:1 (


Innate Abilities, Weirdness & Mutations

You are a tree.
Your roots penetrate the ground, keeping you stationary.
You cannot be teleported.
You are immune to unholy pain and torment.
Your maximum health is greatly increased.
You cannot wear most types of armour.
((You are amphibious.))
You can wear up to eight rings at the same time.
((Your skin changes colour to match your surroundings (Stealth+).))
((Your rubbery body absorbs attacks. (AC +1, EV +1)))
((You are camouflaged when in or above water. (Stealth+)))
((You have tentacles for arms and can constrict up to eight enemies at once.))


Message History

You see here a scroll labelled HILLOQ HASA.
The helpless ball python fails to defend itself.
You hit the ball python. You freeze the ball python.
You kill the ball python!
No target in view!
No target in view!
No target in view!
No target in view!
No target in view!
No target in view!
No target in view!
No target in view!
No target in view!
No target in view!
o - a scroll labelled HILLOQ HASA
p - a scroll labelled CEYWUX OCLISEU
Found a bloodstained altar of Trog.
No target in view!
There is a bloodstained altar of Trog here.
Ijyb and a goblin come into view.
Ijyb is wielding a +0 dagger and carrying a wand of flame.
A kobold comes into view. It is wielding a +1 dagger of venom.
The goblin shouts!
A rat comes into view.
Ijyb shouts!
You hit the goblin. You freeze the goblin.
You kill the goblin!
You hear a shout!
Ijyb zaps a wand.
The puff of flame hits you. You resist.
A kobold comes into view. It is wielding a +0 dagger.
The kobold barely misses you.
You take 2 damage, and have 27/29 hp.
You now have 3/4 mp.
You hit Ijyb but do no damage. Your grab misses Ijyb.
You tentacle-slap Ijyb, but do no damage.
The kobold completely misses you.
Ijyb zaps a wand.
The puff of flame hits you. You resist.
You hit Ijyb but do no damage. Your grab misses Ijyb.
The kobold hits you with a +1 dagger of venom.
You are poisoned.
Ijyb zaps a wand.
The puff of flame hits you. You resist.
You hit Ijyb. You freeze Ijyb. You grab Ijyb. You squeeze Ijyb.
You constrict Ijyb, but do no damage.
You feel sick. The rat barely misses you.
The kobold hits you with a +1 dagger of venom.
Ijyb screams, "Me very upset!"
Ijyb hits you with a +0 dagger.
You are too injured to fight recklessly!
You take 15 damage, and have 12/29 hp.
MASSIVE DAMAGE!!
You are too injured to fight recklessly!
You are too injured to fight recklessly!
You are too injured to fight recklessly!
You are too injured to fight recklessly!
You are too injured to fight recklessly!
You are too injured to fight recklessly!
You are too injured to fight recklessly!
You are too injured to fight recklessly!
You are too injured to fight recklessly!
You are too injured to fight recklessly!
You are too injured to fight recklessly!
You are too injured to fight recklessly!
You are too injured to fight recklessly!
You are too injured to fight recklessly!
You are too injured to fight recklessly!
You are too injured to fight recklessly!
You are too injured to fight recklessly!
You are too injured to fight recklessly!
You barely miss Ijyb. You squeeze Ijyb, but do no damage.
You constrict Ijyb, but do no damage.
You feel sick. The rat bites you but does no damage.
The kobold barely misses you. Ijyb hits you with a +0 dagger.
* * * LOW HITPOINT WARNING * * *
You take 4 damage, and have 8/29 hp.
You puncture Ijyb! You freeze Ijyb. You squeeze Ijyb.
You kill Ijyb!
You feel sick. The rat closely misses you.
The kobold hits you with a +1 dagger of venom.
* * * LOW HITPOINT WARNING * * *
You are lethally poisoned!
A goblin comes into view. It is wielding a +0 dagger.
Your Fighting skill increases to level 2!
Your Stealth skill increases to level 1!
You take 2 damage, and have 6/29 hp.
Your transformation has ended.
You turn into a tree.
Your roots penetrate the ground.
* * * LOW HITPOINT WARNING * * *
You feel very sick.
The kobold hits you with a +1 dagger of venom.
The kobold hits you but does no damage. The rat bites you but does no damage.
You now have 5/43 hp.
You completely miss the kobold.
* * * LOW HITPOINT WARNING * * *
You feel very sick.
The kobold hits you with a +1 dagger of venom.
* * * LOW HITPOINT WARNING * * *
You are more poisoned.
The kobold hits you but does no damage. The rat bites you.
You take 4 damage, and have 1/43 hp.
You now have 0/4 mp.
You are too injured to fight recklessly!
It was a potion of resistance.
You feel protected.
You die...

..... .#
.....####.#
..........#
.........#
.......#
.######.....#
......r.)...#
......K♣....#
.g....K.###.#
........# #.#
.##+##### #.# #.#
#####.###
#.......#
#.......#
#.......##########


You could see a goblin (wandering), 2 kobolds and a rat.

Vanquished Creatures
  Ijyb (D:3)
  2 adders (D:2)
  A worm (D:2)
  A dart slug (D:1)
  4 ball pythons
  A bat (D:2)
  4 endoplasms
  A giant cockroach (D:3)
  3 hobgoblins (D:2)
  4 jackals (D:1)
  3 kobolds
  4 quokkas
  10 goblins
  3 rats (D:2)
42 creatures vanquished.

Notes
Turn   | Place    | Note
-------+----------+-------------------------------------------
     0 | D:1      | Whiskey the Octopode Shapeshifter began the quest for the
                  | Orb.
     0 | D:1      | Reached XP level 1. HP: 13/13 MP: 1/1
   197 | D:1      | Found a faded altar of an unknown god.
   327 | D:1      | Reached XP level 2. HP: 16/18 MP: 2/2
   626 | D:1      | Found Amomiff's Antique Weapon Emporium.
  1039 | D:2      | Reached XP level 3. HP: 23/23 MP: 3/3
  1228 | D:2      | Identified the +7 short sword of the Maze {freeze, rF+
                  | Int+3}
  1399 | D:2      | Reached XP level 4. HP: 29/29 MP: 4/4
  1790 | D:3      | Found a bloodstained altar of Trog.
  1843 | D:3      | Noticed Ijyb
  1853 | D:3      | Killed Ijyb
  1853 | D:3      | HP: 7/29 [poisoned by a kobold]
  1854 | D:3      | Reached skill level 2 in Fighting
  1854 | D:3      | Reached skill level 1 in Stealth
  1855 | D:3      | HP: 3/43 [poisoned by a kobold]
  1855 | D:3      | HP: 1/43 [kobold/+1 dagger of venom (2)]
  1856 | D:3      | Succumbed to a kobold's poison

Illustrated notes

Levels and vault maps discovered:
D:1:      saegor_arrival_simple_e, layout_basic, serial_shops,
          nicolae_lakefront_shop, ebering_ecumenical_altar_webs, hex_medium
D:2:      layout_loops_ring, kennysheep_cross_room
D:3:      layout_basic, nicolae_overflow_crystal_walls, minmay_diced_spiral,
          uniq_ijyb, uniq_terence

Skill      XL: |  1  2  3  4 |
---------------+-------------+-----
Fighting       | 2 |  2.0
Stealth        | 1 |  1.2
Dodging        | |  2.0
Unarmed Combat | |  3.8
Shapeshifting  | |  3.9

Action                     |  1- 3 |  4- 6 || total
---------------------------+-------+-------++-------
  Melee: Unarmed           |    56 |       ||    56
         Tentacles         |    12 |     4 ||    16
         Constrict         |    13 |     4 ||    17
         Punch             |     2 |     1 ||     3
         Short sword       |     6 |    19 ||    25
    Use: Potion            |       |     2 ||     2
   Stab: Sleeping          |     9 |     4 ||    13
 Armour: Skin              |    22 |    17 ||    39
  Dodge: Dodged            |    32 |     8 ||    40

Table legend: (Time is in decaauts)
 A = Elapsed time spent in this place.
 B = Non-inter-level travel time spent in this place.
 C = Inter-level travel time spent in this place.
 D = Time resting spent in this place.
 E = Time spent auto-exploring this place.
 F = Levels seen in this place.
 G = Mean time per level.
                   A        B        C        D        E       F      G
               +--------+--------+--------+--------+--------+-----+--------+
         Total |   1852 |   1730 |    122 |      0 |   1469 |   3 |  617.3 |
       Dungeon |   1852 |   1730 |    122 |      0 |   1469 |   3 |  617.3 |
               +--------+--------+--------+--------+--------+-----+--------+

Top non-repeatable levels by time:
     D:1: 869 daAuts
     D:2: 830 daAuts
     D:3: 152 daAuts

Levels and vault maps discovered:
D:1:      saegor_arrival_simple_e, layout_basic, serial_shops,
          nicolae_lakefront_shop, ebering_ecumenical_altar_webs, hex_medium
D:2:      layout_loops_ring, kennysheep_cross_room
D:3:      layout_basic, nicolae_overflow_crystal_walls, minmay_diced_spiral,
          uniq_ijyb, uniq_terence

Table legend: (Time is in decaauts)
 A = Elapsed time spent in this place.
 B = Non-inter-level travel time spent in this place.
 C = Inter-level travel time spent in this place.
 D = Time resting spent in this place.
 E = Time spent auto-exploring this place.
 F = Levels seen in this place.
 G = Mean time per level.
                   A        B        C        D        E       F      G
               +--------+--------+--------+--------+--------+-----+--------+
         Total |   1852 |   1730 |    122 |      0 |   1469 |   3 |  617.3 |
       Dungeon |   1852 |   1730 |    122 |      0 |   1469 |   3 |  617.3 |
               +--------+--------+--------+--------+--------+-----+--------+

Top non-repeatable levels by time:
     D:1: 869 daAuts
     D:2: 830 daAuts
     D:3: 152 daAuts

Table legend:
 A = Kills in this place as a percentage of kills in the entire game.
 B = Kills by you in this place as a percentage of kills by you in the entire game.
 C = Kills by friends in this place as a percentage of kills by friends in the entire game.
 D = Other kills in this place as a percentage of other kills in the entire game.
 E = Experience gained in this place as a percentage of experience gained in the entire game.
 F = Experience gained in this place divided by the number of levels of this place that you have seen.
                   A       B       C       D       E      F
               +-------+-------+-------+-------+-------+----------------------
         Total | 100.0 | 100.0 |   N/A |   N/A | 100.0 |  45.7
       Dungeon | 100.0 | 100.0 |   N/A |   N/A | 100.0 |  45.7
               +-------+-------+-------+-------+-------+----------------------
